 Dungeon Crawl Stone Soup version 0.17.2-1-ge4368a0 (webtiles) character file.

528 ololoev the Chopper (level 7, 33/78 HPs)
             Began as a Demonspawn Berserker on July 26, 2016.
             Was a Believer of Trog.
             Quit the game on level 5 of the Dungeon.
             The game lasted 00:07:39 (1066 turns).

ololoev the Chopper (Demonspawn Berserker)          Turns: 1066, Time: 00:07:40

Health: 33/78      AC: 11    Str: 25    XL:     7   Next: 3%
Magic:  7/7        EV:  9    Int:  8    God:    Trog [**....]
Gold:   114        SH:  0    Dex: 12    Spells: 0 memorised, 6 levels left

rFire  + . .     SeeInvis .     a - +0 hand axe
rCold  + . .     Clarity  .     v - +0 chain mail
rNeg   . . .     SustAt   .     (no shield)
rPois  +         Gourm    .     (no helmet)
rElec  +         Spirit   .     (no cloak)
rCorr  +         Warding  .     (no gloves)
rMut   .         Stasis   .     (no boots)
MR     ++...                    (no amulet)
Stlth  ..........               (no ring)
                                (no ring)

@: mighty, berserking, resistant, regenerating, very quick, very resistant to
hostile enchantments, extremely unstealthy
A: hooves 1, slimy green scales 1, rot immunity
a: Berserk, Trog's Hand, Burn Spellbooks, Renounce Religion


Innate Abilities, Weirdness & Mutations

You have large cloven feet.
You are partially covered in slimy green scales (AC +2).
You are immune to rotting.

Inventory:

Hand Weapons
 a - a +0 hand axe (weapon)
 b - a +0 blowgun
Missiles
 o - 15 poisoned needles
Armour
 v - a +0 chain mail (worn)
Scrolls
 d - a scroll of enchant weapon {unknown}
 e - a scroll of magic mapping {unknown}
 f - 4 scrolls of remove curse {unknown}
 g - 2 scrolls of blinking {unknown}
 h - a scroll of noise {unknown}
 i - 2 scrolls of random uselessness {unknown}
 k - a scroll of fear {unknown}
 l - a scroll of immolation {unknown}
 m - a scroll of enchant armour {unknown}
 p - 2 scrolls of teleportation {unknown}
 u - 2 scrolls of identify {unknown}
Potions
 j - a potion of resistance
 n - 3 potions of heal wounds
 q - a potion of might
 r - a potion of magic
 s - a potion of flight {unknown}
 x - a potion of mutation {unknown}
 z - 2 potions of brilliance {unknown}
Comestibles
 c - 4 bread rations


   Skills:
 - Level 3.0 Fighting
 * Level 6.1 Axes
 + Level 4.3 Armour
 - Level 1.7 Dodging


You had 6 spell levels left.
You didn't know any spells.


You were on level 5 of the Dungeon.
You worshipped Trog.
Trog was pleased with you.
You were not hungry.

You visited 1 branch of the dungeon, and saw 5 of its levels.
You also visited: Sewer.

You collected 114 gold pieces.

###..#######...
#######..### ..##
#>....#....# ...#
#.....'....# ...#
+.....#....# ....#
#.....#....# ....#
#. #....##.##.#
#...##))..##.##.#
#.....)@......+..
+.....).......#...
#.............# ..
#.............#
#.............#
######+########

Notes
Turn   | Place    | Note
--------------------------------------------------------------
     0 | D:1      | ololoev the Demonspawn Berserker began the quest for the Orb.
     0 | D:1      | Reached XP level 1. HP: 18/18 MP: 1/1
   108 | D:1      | Gained mutation: You have large cloven feet. [demonic ancestry]
   108 | D:1      | Reached XP level 2. HP: 16/24 MP: 2/2
   162 | D:1      | HP: 1/24 [kobold (2)]
   219 | D:2      | Reached ** piety under Trog
   319 | D:3      | Found a glowing drain.
   345 | D:3      | Reached XP level 3. HP: 29/29 MP: 3/3
   382 | Sewer    | Entered a sewer
   397 | Sewer    | Gained mutation: You are immune to rotting. [demonic ancestry]
   397 | Sewer    | Reached XP level 4. HP: 35/35 MP: 4/4
   421 | Sewer    | Noticed ololoev's ghost (amateur DsGl)
   438 | Sewer    | Noticed a big kobold
   449 | Sewer    | Killed ololoev's ghost
   449 | Sewer    | Reached skill level 4 in Axes
   449 | Sewer    | Gained mutation: You are partially covered in slimy green scales (AC +2). [demonic ancestry]
   449 | Sewer    | Reached XP level 5. HP: 29/41 MP: 5/5
   449 | Sewer    | Killed a big kobold
   585 | Sewer    | Reached skill level 5 in Axes
   628 | Sewer    | Reached XP level 6. HP: 38/47 MP: 6/6
   637 | Sewer    | Noticed a big kobold
   638 | Sewer    | Noticed a big kobold
   668 | Sewer    | Killed a big kobold
   692 | Sewer    | Killed a big kobold
   897 | D:5      | Entered Level 5 of the Dungeon
  1060 | D:5      | Reached skill level 6 in Axes
  1060 | D:5      | Reached XP level 7. HP: 32/52 MP: 7/7
  1066 | D:5      | Quit the game

Dungeon Overview and Level Annotations

Branches:
Dungeon (5/15)
 Temple: D:4-7

Altars:


Message History

Unknown command.
You barely miss the orc priest.
You kick the orc priest, but do no damage.
Your chain mail prevents you from hitting the orc.
You slash the orc!
You kill the orc!
Trog accepts your kill.
You hit the orc.
The orc is severely wounded.
Your chain mail prevents you from hitting the orc.
The orc hits you with a dagger. The orc hits you but does no damage.
Unknown command.
You slash the orc priest! You kick the orc priest!
You kill the orc priest!
Trog accepts your kill.
Your Axes skill increases to level 6!
You have reached level 7!
You hit the orc.
You kill the orc!
Trog accepts your kill.
You closely miss the orc.
The orc is severely wounded.
You barely miss the orc.
You feel the effects of Trog's Hand fading.
The orc hits you with a hand axe. The orc hits you but does no damage.
Things that are here:
a dagger; a leather armour You closely miss the orc.
You kick the orc.
You kill the orc!
Trog accepts your kill. The orc hits you with a hand axe.
Things that are here:
a trident; a leather armour You slash the orc!
You kill the orc!
Trog accepts your kill.
Things that are here:
a hand axe; a leather armour; an orc corpse Are you sure you want to abandon this character and quit the game? (Confirm with "yes".)

There were no monsters in sight!

Vanquished Creatures
  The ghost of ololoev the Chopper, an amateur DsGl (Sewer)
  3 big kobolds (Sewer)
  An orc priest (D:5)
  An iguana (D:4)
  A worker ant (D:5)
  A hound zombie (D:5)
  2 river rats (Sewer)
  9 adders
  An ooze (Sewer)
  A worm (Sewer)
  4 orcs (D:5)
  A bat (D:1)
  4 goblins
  3 hobgoblins
  11 jackals
  4 ball pythons (Sewer)
  A giant cockroach (D:3)
  A giant newt (D:2)
  9 kobolds
  5 rats
64 creatures vanquished.

Action                   |  1- 3 |  4- 6 |  7- 9 || total
-------------------------+-------+-------+-------++-------
Melee: Hand axe          |    63 |   176 |     2 ||   241
Invok: Berserk           |     5 |     3 |       ||     8
       Trog's Hand       |     1 |     2 |       ||     3
  Use: Potion            |     1 |     4 |       ||     5
 Stab: Sleeping          |     1 |       |       ||     1
  Eat: Chunk             |     3 |     4 |       ||     7
       Meat ration       |       |     1 |       ||     1

Vault maps used:
D:1:      lightli_arrival_boilingwater, bh_walls_and_bars
D:2:      dk_noncrumbling_4
D:3:      gup_sewer_entry_glass, grunt_ministairs_3, minivault_19,
          minmay_rat_hole, uniq_natasha
D:4:      lightli_temple_of_fire
D:5:      grunt_temple_overflow_forces_of_nature, grunt_temple_overflow_open,
          first_bread
Sewer:    sewer_co_15_rooms
